 Dungeon Crawl Stone Soup version 0.31.0-9-g3a7656b989 (webtiles) character file.

Game seed: 11025261725572585325

1386 Conn the Sneak (level 8, -1/46 HPs)
             Began as an Octopode Fire Elementalist on Jan 27, 2024.
             Was an Initiate of Sif Muna.
             Slain by an orc warrior
             ... wielding a +0 trident
              (18 damage)
             ... on level 6 of the Dungeon.
             The game lasted 00:11:39 (6095 turns).

Conn the Sneak (Octopode Fire Elementalist)         Turns: 6095, Time: 00:11:39

Health: -1/46      AC:  1    Str:  8    XL:     8   Next: 67%
Magic:  0/14       EV: 14    Int: 25    God:    Sif Muna [......]
Gold:   242        SH:  0    Dex: 12    Spells: 6/16 levels left

rFire   + . .        c - staff of fire
rCold   + . .        (no shield)
rNeg    . . .        (helmet restricted)
rPois   .            p - amulet of guardian spirit
rElec   .            k - +6 ring of intelligence
rCorr   .            x - ring of protection from cold
SInv    .            n - ring of wizardry
Will    .....        (no ring)
Stlth   ++++         (no ring)
HPRegen 0.27/turn    (no ring)
MPRegen 0.14/turn    (no ring)
                     (no ring)

%: guardian spirit, wizardry (x1)
@: no status effects
A: almost no armour, amphibious, 8 rings, camouflage 1, gelatinous body 1,
(nimble swimmer 1), tentacles
a: Renounce Religion


You were on level 6 of the Dungeon.
You worshipped Sif Muna.
Sif Muna was noncommittal.
You visited 1 branch of the dungeon, and saw 6 of its levels.

You collected 242 gold pieces.

Inventory:

Hand Weapons
 j - a +1 flail of protection
 t - a +2 short sword of speed
Missiles
 y - 2 poisoned darts
Magical Staves
 c - a staff of fire (weapon)
Jewellery
 k - a +6 ring of intelligence (left tentacle)
 n - a ring of wizardry (on tentacle)
 p - an amulet of guardian spirit (around mantle)
 x - a ring of protection from cold (right tentacle)
Wands
 q - a wand of roots (13)
 v - a wand of flame (7)
Scrolls
 b - 2 scrolls of identify
 h - 3 scrolls of enchant armour
 i - a scroll of teleportation
 l - a scroll of fear {unknown}
 m - a scroll of poison {unknown}
 u - 3 scrolls of immolation {unknown}
 w - a scroll of blinking
 z - a scroll of silence {unknown}
 B - a scroll of amnesia
Potions
 a - a potion of magic
 d - 2 potions of curing
 e - a potion of brilliance
 f - 3 potions of enlightenment {unknown}
 g - a potion of ambrosia {unknown}
 o - 2 potions of degeneration
 r - a potion of attraction {unknown}
 s - a potion of might {unknown}
 A - 2 potions of berserk rage {unknown}


   Skills:
 + Level 4.9 Dodging
 + Level 7.1 Stealth
 + Level 4.5 Spellcasting
 + Level 4.6 Conjurations
 + Level 5.5 Fire Magic


You had 6 spell levels left.
You knew the following spells:

 Your Spells              Type           Power      Damage    Failure   Level
a - Foxfire               Conj/Fire      100%       2x1d9     1%          1
b - Scorch                Fire           98%        2d9       1%          2
c - Inner Flame           Hex/Fire       29%        N/A       3%          3
d - Flame Wave            Conj/Fire      46%        2d12      4%          4

Your spell library contained the following spells:

 Spells                   Type           Power      Damage    Failure   Level
 Apportation              Tloc           10%        N/A       3%          1
 Necrotise                Necr           20%        1d5       3%          1
 Volatile Blastmotes      Fire/Tloc      58%        2d14      3%          3
 Fugue of the Fallen      Necr           5%         N/A       11%         3
 Ozocubu's Armour         Ice            5%         N/A       11%         3
 Fulminant Prism          Conj/Alch      8%         3d7       13%         4
 Iskenderun's Mystic Bla  Conj/Tloc      17%        2d5       13%         4
 Manifold Assault         Tloc           5%         N/A       32%         4


Dungeon Overview and Level Annotations

Branches:
Dungeon (6/15)
 Temple: D:4-7

Altars:
Ashenzari
Cheibriados
Kikubaaqudgha
Sif Muna
Vehumet
Wu Jian
The Shining One

Shops:
D:3 (


Innate Abilities, Weirdness & Mutations

You cannot wear most types of armour.
You are amphibious.
You can wear up to eight rings at the same time.
Your skin changes colour to match your surroundings (Stealth+).
Your rubbery body absorbs attacks. (AC +1, EV +1)
((You are camouflaged when in or above water. (Stealth+)))
You have tentacles for arms and can constrict up to eight enemies at once.


Message History

The orc priest calls upon Beogh to heal something.
You hear a bark!
The orc warrior shouts!
Unknown command.
Casting: Inner Flame (dangerous; 3% risk of failure)
Confirm with . or Enter, or press ? or * to list all spells.
You feel a surge of power!
Flames lash Menkaure.
Menkaure is burned terribly!
Menkaure is almost destroyed.
Menkaure's fire resistance burns away.
A hound comes into view.
Menkaure calls on the powers of darkness!
The orc priest convulses!
Flame seeps out of the orc priest.
The hound convulses!
Your body is wracked with pain!
The orc warrior convulses!
The orc priest is engulfed in blazing flames.
Sif Muna accepts your kill.
The orc priest explodes!
The fiery explosion engulfs Menkaure!!!
Menkaure is burned terribly!
You destroy Menkaure!
Sif Muna accepts your kill.
The hound pauses to sniff the ground.
The hound moves out of view.
You hear a loud squeak.
You hear a shout!
You hear an angry hiss.
Your Stealth skill increases to level 7!
Unknown command.
Unknown command.
Casting: Scorch (safe; 1% risk of failure)
Confirm with . or Enter, or press ? or * to list all spells.
You feel a surge of power!
You conjure some foxfire!
Unknown command.
Unknown command.
The foxfire hits the hound.
The hound is almost dead.
The foxfire hits the hound.
You kill the hound!
Sif Muna accepts your kill.
Unknown command.
Casting: Foxfire (safe; 1% risk of failure)
Confirm with . or Enter, or press ? or * to list all spells.
You feel a surge of power!
You conjure some foxfire!
The orc warrior hits you from afar with a +0 trident!!
You die...

..###...#........#..~
....<.......###.#####
....#..#.#.# #......
....#......# #######
## #.....### #l.~ #.
#....## ##~. #~
##...# ##~
#######...# ##
#...v@v...#
.....####§§§.#####.
... ##o§....... ~
#.§..###.. ........>
............)
...............
..###oo.......# .
#.....#####


You could see an orc warrior (ally target).

Vanquished Creatures
  Menkaure (D:6)
  A water moccasin (D:4)
  A black bear (D:5)
  3 ogres
  A centaur (D:4)
  A phantom (D:6)
  4 scorpions
  2 bombardier beetles (D:3)
  2 jellies
  3 hounds
  An orc priest (D:6)
  A sleepcap (D:2)
  Natasha (thrice) (D:2)
  Ijyb (D:3)
  2 adders
  4 ribbon worms
  2 dart slugs
  An orc (D:5)
  13 endoplasms
  8 goblins
  4 hobgoblins
  3 jackals
  5 quokkas
  2 ball pythons
  3 bats
  5 frilled lizards
  7 kobolds
  6 rats
90 creatures vanquished.

Vanquished Creatures (others)
  286 foxfires
286 creatures vanquished.

Grand Total: 376 creatures vanquished

Notes
Turn   | Place    | Note
-------+----------+-------------------------------------------
     0 | D:1      | Conn the Octopode Fire Elementalist began the quest for the
                  | Orb.
     0 | D:1      | Reached XP level 1. HP: 11/11 MP: 3/3
   234 | D:1      | Reached XP level 2. HP: 17/17 MP: 0/5
   295 | D:1      | Reached skill level 3 in Stealth
  1080 | D:1      | Learned a level 2 spell: Scorch
  1102 | D:2      | Reached XP level 3. HP: 12/21 MP: 0/6
  1534 | D:2      | Noticed Natasha
  1594 | D:2      | Learned a level 3 spell: Inner Flame
  1598 | D:2      | Identified a scroll of acquirement
  1598 | D:2      | Acquired a staff of fire
  1647 | D:2      | Killed Natasha
  1648 | D:2      | Reached XP level 4. HP: 27/27 MP: 2/7
  1874 | D:2      | Noticed Natasha
  1883 | D:2      | Killed Natasha
  1884 | D:2      | Reached skill level 4 in Stealth
  1884 | D:2      | Reached XP level 5. HP: 29/31 MP: 1/9
  2109 | D:2      | Noticed Natasha
  2115 | D:2      | Killed Natasha
  2757 | D:3      | Found a broken altar of Ashenzari.
  2806 | D:3      | You fall into a shaft and drop 1 floor!
  3120 | D:4      | Reached XP level 6. HP: 36/36 MP: 7/10
  3350 | D:3      | Found an ornate altar of the Wu Jian Council.
  3365 | D:3      | Found a snail-covered altar of Cheibriados.
  3386 | D:3      | Found Jian's Antique Weapon Shop.
  3421 | D:3      | Noticed Ijyb
  3431 | D:3      | Killed Ijyb
  3644 | D:3      | Found a glowing golden altar of the Shining One.
  3871 | D:3      | Learned a level 4 spell: Flame Wave
  3996 | D:3      | Found a faded altar of an unknown god.
  4001 | D:3      | Got Plato's Enchiridion on Displacement
  4121 | D:4      | Noticed a water moccasin
  4470 | D:4      | Killed a water moccasin
  4471 | D:4      | Reached skill level 5 in Stealth
  4471 | D:4      | Reached XP level 7. HP: 35/41 MP: 2/12
  5103 | D:5      | Entered Level 5 of the Dungeon
  5308 | D:5      | Found a radiant altar of Vehumet.
  5309 | D:5      | Found an ancient bone altar of Kikubaaqudgha.
  5311 | D:5      | Found a shimmering blue altar of Sif Muna.
  5317 | D:5      | Got Kikubaaqudgha's Parchment of the Secret Xeniums
  5325 | D:5      | Became a worshipper of Sif Muna the Loreminder
  5362 | D:5      | Reached skill level 6 in Stealth
  5374 | D:5      | Reached XP level 8. HP: 46/46 MP: 4/14
  5460 | D:5      | Reached skill level 5 in Fire Magic
  6084 | D:6      | Noticed Menkaure
  6090 | D:6      | Killed Menkaure
  6091 | D:6      | Reached skill level 7 in Stealth
  6095 | D:6      | Slain by an orc warrior

Illustrated notes

Levels and vault maps discovered:
D:1:      lightli_arrival_noodles, layout_basic, nicolae_twisty_statue_hallways
D:2:      layout_basic, uniq_natasha
D:3:      layout_rooms, evilmike_ruin_ashenzari, old_standard_altar,
          mainiacjoe_overflow_catwalk_spiral, serial_shops,
          nicolae_shop_rolling_square, shapermc_ecumenical_altar_rom_forum,
          kennysheep_flooded_box, minmay_joined_circles, uniq_ijyb
D:4:      layout_gridville, minmay_small_thing
D:5:      layout_loops_ring, grunt_temple_overflow_magic_moments,
          nicolae_zen_rock_garden
D:6:      layout_loops_cross, minmay_temple_entry_poolview, serial_aquarium,
          aquarium_bridge_island_small [aquarium_subvault_small_open,
          aquarium_subvault_wall, aquarium_subvault_bridge,
          aquarium_subvault_bridge, aquarium_subvault_bridge],
          aquarium_bridge_straight [aquarium_subvault_bridge,
          aquarium_subvault_wall, aquarium_subvault_bridge,
          aquarium_subvault_wall], aquarium_window_corridor_2,
          aquarium_window_1, aquarium_view_2e, aquarium_view_2b,
          aquarium_balcony_3a, gup_sewer_entry_bubbles, serial_bayou_pond_d,
          uniq_menkaure

Skill      XL: |  1  2  3  4  5  6  7  8 |
---------------+-------------------------+-----
Stealth        | 3 4 5 6 7 |  7.1
Conjurations   | 2 3 4 |  4.6
Dodging        | 3 4 |  4.9
Spellcasting   | 3 4 |  4.5
Fire Magic     | 4 5 |  5.5

Action                     |  1- 3 |  4- 6 |  7- 9 || total
---------------------------+-------+-------+-------++-------
  Melee: Short sword       |    14 |       |       ||    14
         Constrict         |     4 |    11 |     3 ||    18
         Tentacles         |     4 |     4 |     3 ||    11
         Staff             |       |    24 |     9 ||    33
         Punch             |       |     1 |     1 ||     2
   Cast: Foxfire           |    54 |    82 |    30 ||   166
         Scorch            |     3 |    16 |    15 ||    34
         Inner Flame       |       |     2 |     1 ||     3
    Use: Scroll            |     5 |       |       ||     5
         Potion            |       |     5 |       ||     5
   Stab: Sleeping          |     1 |     2 |       ||     3
 Armour: Skin              |    10 |    34 |    10 ||    54
  Dodge: Dodged            |    12 |    33 |    13 ||    58
